 Dungeon Crawl Stone Soup version 0.31.0-11-ge490571c62 (webtiles) character file.

Game seed: 1523147384429158049

21 Goblin1989 the Sneak (level 2, 0/24 HPs)
             Began as a Demonspawn Delver on Feb 2, 2024.
             Slain by an elf zombie (5 damage)
             ... in an ossuary.
             The game lasted 00:03:18 (225 turns).

Goblin1989 the Sneak (Demonspawn Delver)             Turns: 225, Time: 00:03:18

Health: 0/24       AC:  7    Str: 12    XL:     2   Next: 65%
Magic:  2/2        EV: 10    Int: 10    God:
Gold:   0          SH:  4    Dex: 14    Spells: 1/1 levels left

rFire   . . .        a - +0 short sword
rCold   . . .        (no shield)
rNeg    . . .        i - +0 swamp dragon scales
rPois   +            (no helmet)
rElec   .            (no cloak)
rCorr   .            (no gloves)
SInv    .            (no boots)
Will    .....        (no amulet)
Stlth   ++           (no ring)
HPRegen 0.24/turn    (no ring)
MPRegen 0.08/turn

%: no passive effects
@: hasted, very quick
A: condensation shield
a: no special abilities


You were in an ossuary.
You visited 1 branch of the dungeon, and saw 1 of its levels.
You also visited: Ossuary.

Inventory:

Hand Weapons
 a - a +0 short sword (weapon)
Armour
 b - a +0 leather armour
 i - +0 swamp dragon scales (worn)
Wands
 g - a wand of digging (2) {@v3}
Scrolls
 c - a scroll of fog
 h - a scroll of noise {unknown}


   Skills:
 - Level 3.0 Fighting
 - Level 1.7 Short Blades
 - Level 1.7 Dodging
 + Level 5.3 Stealth


You had one spell level left.
You didn't know any spells.
Your spell library was empty.

Dungeon Overview and Level Annotations

Branches:
Dungeon (5/15) Zot: 5865  Ossuary (1/1) Zot: 5918
 Temple: D:4-7

Altars:

Annotations:
D:5 exclusion: jelly


Innate Abilities, Weirdness & Mutations

A meltable shield of frost defends you. (SH +4)


Message History

The jackal zombie bites you.
You take 1 damage, and have 21/24 hp.
You hit the elf zombie but do no damage.
The elf zombie is lightly damaged.
The elf zombie barely misses you.
The jackal zombie bites you but does no damage.
You barely miss the elf zombie.
The elf zombie is lightly damaged.
The jackal zombie closely misses you.
The elf zombie hits you but does no damage.
You completely miss the elf zombie.
The elf zombie is lightly damaged.
The jackal zombie bites you.
The elf zombie hits you but does no damage.
You take 1 damage, and have 21/24 hp.
You closely miss the elf zombie.
The elf zombie is lightly damaged.
The jackal zombie bites you but does no damage.
You closely miss the elf zombie.
The elf zombie is lightly damaged.
The jackal zombie closely misses you.
The elf zombie hits you but does no damage.
You closely miss the elf zombie.
The elf zombie is lightly damaged.
You block the jackal zombie's attack.
The elf zombie hits you but does no damage.
You barely miss the elf zombie.
The elf zombie is lightly damaged.
The jackal zombie completely misses you.
You barely miss the elf zombie.
The elf zombie is lightly damaged.
The jackal zombie barely misses you. The elf zombie hits you.
You block the jackal zombie's attack.
You take 2 damage, and have 20/24 hp.
You hit the elf zombie but do no damage.
The elf zombie is lightly damaged.
The elf zombie closely misses you. The jackal zombie closely misses you.
You hit the elf zombie.
The elf zombie is moderately damaged.
The jackal zombie closely misses you. The elf zombie hits you.
You take 2 damage, and have 18/24 hp.
You hit the elf zombie.
The elf zombie is moderately damaged.
The jackal zombie bites you but does no damage.
You barely miss the elf zombie.
The elf zombie is moderately damaged.
The elf zombie hits you. The jackal zombie barely misses you.
You take 5 damage, and have 14/24 hp.
MASSIVE DAMAGE!!
You hit the elf zombie.
The elf zombie is moderately damaged.
The jackal zombie bites you but does no damage.
The elf zombie hits you.
You take 2 damage, and have 12/24 hp.
You closely miss the elf zombie.
The elf zombie is moderately damaged.
The jackal zombie barely misses you. The elf zombie hits you.
* * * LOW HITPOINT WARNING * * *
You take 4 damage, and have 8/24 hp.
You hit the elf zombie.
The elf zombie is heavily damaged.
The jackal zombie closely misses you.
You feel yourself speed up. The jackal zombie barely misses you.
The elf zombie hits you.
* * * LOW HITPOINT WARNING * * *
You take 3 damage, and have 5/24 hp.
You closely miss the elf zombie.
The elf zombie is heavily damaged.
The jackal zombie bites you but does no damage.
The elf zombie barely misses you.
You hit the elf zombie but do no damage.
The elf zombie is heavily damaged.
The jackal zombie bites you but does no damage.
You hit the elf zombie.
The elf zombie is heavily damaged.
The elf zombie hits you but does no damage.
The jackal zombie bites you but does no damage.
You barely miss the elf zombie.
The elf zombie is heavily damaged.
You hit the elf zombie.
The elf zombie is heavily damaged.
The jackal zombie bites you but does no damage.
The elf zombie hits you but does no damage.
You hit the elf zombie.
The elf zombie is heavily damaged.
The jackal zombie bites you but does no damage.
You hit the elf zombie.
The elf zombie is severely damaged.
You barely miss the elf zombie.
The elf zombie is severely damaged.
The elf zombie hits you but does no damage.
You block the jackal zombie's attack.
You closely miss the elf zombie.
The elf zombie is severely damaged.
The jackal zombie bites you.
* * * LOW HITPOINT WARNING * * *
You take 1 damage, and have 5/24 hp.
You hit the elf zombie.
The elf zombie is severely damaged.
The elf zombie hits you.
You die...

█..█.....Z...Z.....
█..................
█..................
█.....██...........
█.....██...........
█.Z................
█ZZZZ..............
██Z█Z........█████.
█Z@█............ .
█??█...........∩


█████████████████ You could see 2 jackal zombies, a hound zombie, a goblin
zombie, a hobgoblin zombie, an elf zombie and 2 human zombies.

Vanquished Creatures
  A mummy (Ossuary)
  2 adder zombies
  An orc zombie (Ossuary)
4 creatures vanquished.

Notes
Turn   | Place    | Note
-------+----------+-------------------------------------------
     0 | D:5      | Goblin1989 the Demonspawn Delver began the quest for the
                  | Orb.
     0 | D:5      | Reached XP level 1. HP: 18/18 MP: 1/1
    75 | D:5      | Noticed a jelly
   110 | D:5      | Noticed a scorpion
   117 | D:5      | Found a sand-covered staircase.
   136 | Ossuary  | Entered an ossuary
   174 | Ossuary  | Reached skill level 5 in Stealth
   174 | Ossuary  | Gained mutation: A meltable shield of frost defends you.
                  | (SH +4) [demonic ancestry]
   174 | Ossuary  | Reached XP level 2. HP: 9/24 MP: 2/2
   225 | Ossuary  | Slain by an elf zombie

Illustrated notes

Levels and vault maps discovered:
D:5:      layout_basic, mainiacjoe_ossuary_entry_find_the_door, uniq_eustachio
Ossuary:  ossuary_minmay_tomb_2a

Skill      XL: |  1 |
---------------+----+-----
Stealth        | 5 |  5.3
Fighting       | |  3.0
Short Blades   | |  1.7
Dodging        | |  1.7

Action                     || total
---------------------------++-------
  Melee: Short sword       ||    77
         Punch             ||     2
  Evoke: Wand              ||     1
    Use: Scroll            ||     2
         Potion            ||     2
 Armour: Swamp dragon scal ||    58
  Dodge: Dodged            ||    51
  Block: Other             ||    10
